cohdb
Replays
Latest Replays
All Replays
Popular Replays
Top Player Replays
Match Explorer
How It Works
Community
CoH3 Stats
Reddit
Sign in to upload your games and track your stats! →
Sign in with Steam
Match 39460868
Unlisted
Match 39460868
Overview
Messages
Build Orders
End
Royal Engineer Section
Construct Section Command Post
Infantry Section
Infantry Section
Selects Canadian Shock Battlegroup
Selects Attacking Spirit
Selects Canadian Shock Section
Canadian Shock Section
Construct Field Infirmary
Construct Platoon Command Post
Selects Incendiary Munitions
Unlock M3 Stuart Light Tanks
M3 Stuart Light Tank
Selects Pyrotechnics
ML 3-inch Mortar Team
Construct Company Command Post
Crusader II Medium Tank
Unlock Bishop Self-propelled Artillery
Grenade Package
Foot Guards Section
Selects Churchill Crocodile Heavy Tank
Churchill Crocodile Heavy Tank
Selects Point Assault
Bishop Self-propelled Artillery
Royal Engineer Section
ši£ėñ±4²5
PayPerPaper
0
0
Comments
sign in to comment!
No comments posted yet!